Map: Apotheosis LE

Players

Gracz

  • Race: Protoss Protoss
  • League: Silver

Chronos - Winner!

  • Race: Protoss Protoss
  • League: Silver

VOD

Have the link to the VOD?

Description

Time

  • Played on: Oct. 3, 2016, 11:49 a.m.
  • Length: 10:45
Show
View Real Time Build Order
Export as new Build Order

Gracz Protoss 

Build Orders:  

Get SALT Encoding   

  12  0:02  Probe (Chrono Boost)  
  13  0:13  Probe (Chrono Boost)  
  14  0:18  Pylon  
  14  0:28  Probe (Chrono Boost)  
  15  0:39  Probe (Chrono Boost), Gateway  
  16  0:50  Assimilator  
  16  0:52  Probe (Chrono Boost)  
  17  1:02  Probe (Chrono Boost)  
  18  1:07  Assimilator  
  18  1:13  Probe (Chrono Boost)  
  19  1:23  Probe (Chrono Boost)  
  20  1:29  Cybernetics Core  
  20  1:34  Probe (Chrono Boost)  
  21  1:44  Probe (Chrono Boost)  
  22  2:03  Nexus  
  22  2:23  Pylon  
  22  2:24  Warp Gate  
  22  2:28  Probe (Chrono Boost)  
  23  2:32  Pylon  
  23  2:41  Zealot  
  27  2:44  Mothership Core (Chrono Boost)  
  27  3:04  Probe (Chrono Boost)  
  28  3:06  Gateway  
  28  3:15  Probe (Chrono Boost)  
  28  3:16  Probe (Chrono Boost)  
  30  3:26  Probe (Chrono Boost)  
  32  3:27  Gateway  
  32  3:28  Probe (Chrono Boost)  
  32  3:36  Probe (Chrono Boost)  
  32  3:40  Probe (Chrono Boost)  
  34  3:47  Probe (Chrono Boost)  
  35  3:53  Probe (Chrono Boost)  
  36  3:57  Probe (Chrono Boost)  
  36  3:58  Stargate  
  36  4:00  Stargate  
  37  4:03  Twilight Council  
  37  4:05  Probe (Chrono Boost)  
  37  4:08  Probe (Chrono Boost)  
  40  4:17  Probe (Chrono Boost)  
  40  4:24  Assimilator  
  40  4:25  Probe (Chrono Boost)  
  40  4:26  Assimilator  
  40  4:27  Nexus  
  40  4:29  Probe (Chrono Boost)  
  42  4:54  Void Ray x2  
  42  4:56  Gateway  
  50  5:18  Probe (Chrono Boost)  
  50  5:20  Probe (Chrono Boost)  
  52  5:24  Pylon  
  52  5:26  Stalker  
  52  5:27  Pylon  
  54  5:36  Templar Archives  
  54  5:39  Probe (Chrono Boost)  
  54  5:40  Pylon  
  54  5:41  Probe (Chrono Boost)  
  56  5:44  Pylon  
  56  5:47  Pylon  
  56  5:48  Probe (Chrono Boost)  
  58  5:50  Probe (Chrono Boost)  
  58  5:53  Probe (Chrono Boost), Blink  
  59  5:59  Probe (Chrono Boost)  
  59  6:00  Pylon, Probe (Chrono Boost)  
  62  6:05  Probe (Chrono Boost)  
  62  6:06  Fleet Beacon  
  62  6:09  Stalker x2, Probe (Chrono Boost)  
  62  6:10  Stalker  
  62  6:11  Probe (Chrono Boost)  
  70  6:17  Probe (Chrono Boost)  
  71  6:20  Probe (Chrono Boost)  
  49  7:21  Stalker x2  
  54  7:23  Probe x2 (Chrono Boost)  
  54  7:24  Probe (Chrono Boost)  
  54  7:25  Carrier  
  54  7:29  Carrier  
  68  7:33  Probe x2 (Chrono Boost)  
  68  7:36  Probe (Chrono Boost), High Templar  
  73  7:40  Assimilator  
  73  7:42  Assimilator  
  75  7:44  Probe x2 (Chrono Boost)  
  75  7:46  Psionic Storm  
  75  7:48  Probe (Chrono Boost)  
  76  7:54  Probe (Chrono Boost)  
  76  7:55  Probe (Chrono Boost)  
  78  8:00  Probe (Chrono Boost)  
  78  8:05  Probe x2 (Chrono Boost)  
  72  8:18  Stalker x3  
  53  8:42  Carrier  
  53  8:46  Stalker x2  
  53  8:47  Stalker  
  53  9:18  Probe x2 (Chrono Boost)  
  53  9:20  Probe (Chrono Boost)  
  56  9:29  Probe x2 (Chrono Boost)  
  59  9:32  Probe (Chrono Boost)  
  53  9:49  Stalker x3  
  41  10:40  Pylon  
  41  10:41  Pylon  
Show
View Real Time Build Order
Export as new Build Order

Chronos Protoss - Winner!

Build Orders:  

Get SALT Encoding   

  12  0:03  Probe (Chrono Boost)  
  13  0:13  Probe (Chrono Boost)  
  14  0:24  Probe (Chrono Boost)  
  15  0:28  Pylon  
  15  0:47  Probe (Chrono Boost)  
  16  0:51  Gateway  
  16  0:55  Assimilator  
  16  0:57  Probe (Chrono Boost)  
  17  1:07  Gateway  
  17  1:08  Probe (Chrono Boost)  
  18  1:16  Pylon  
  19  1:18  Probe (Chrono Boost)  
  19  1:29  Probe (Chrono Boost)  
  20  1:41  Probe (Chrono Boost)  
  21  1:50  Zealot  
  21  1:51  Probe (Chrono Boost)  
  24  2:00  Cybernetics Core  
  24  2:02  Probe (Chrono Boost)  
  24  2:06  Pylon  
  25  2:10  Assimilator  
  25  2:13  Probe (Chrono Boost)  
  25  2:29  Probe (Chrono Boost)  
  26  2:34  Forge  
  26  2:37  Pylon  
  26  2:39  Robotics Facility  
  26  2:43  Warp Gate  
  26  2:45  Stalker  
  28  2:54  Probe (Chrono Boost)  
  29  3:11  Zealot  
  31  3:18  Gateway  
  31  3:20  Gateway  
  31  3:24  Twilight Council  
  31  3:37  Zealot  
  33  3:44  Warp Prism  
  35  3:55  Mothership Core (Chrono Boost)  
  37  4:08  Stalker x2  
  41  4:27  Immortal  
  44  4:48  Zealot  
  44  4:49  Charge  
  46  4:56  Pylon  
  46  4:57  Pylon  
  46  5:00  Pylon  
  46  5:01  Pylon  
  46  5:28  Nexus  
  46  5:37  Stalker  
  48  6:20  Zealot x2  
  48  6:21  Zealot x2  
  54  6:42  Zealot x2  
  54  6:43  Zealot x2  
  54  7:02  Blink  
  54  7:03  Stalker x2  
  54  7:04  Stalker x2  
  44  7:09  Stalker x2  
  44  7:10  Stalker x2  
  48  7:32  Probe (Chrono Boost)  
  49  7:43  Probe (Chrono Boost)  
  50  7:53  Probe (Chrono Boost)  
  51  8:04  Probe (Chrono Boost)  
  52  8:12  Warp Prism  
  52  8:14  Probe (Chrono Boost)  
  39  9:19  Stalker x4  
  41  9:47  Stalker  
  41  9:48  Stalker x3  
  45  10:13  Stalker x4  
  43  10:37  Pylon  
Tags
 
Add a new tag
Caveats
  • Supply blocks, unpowered buildings, or Contaminate may cause inaccurate times.
  • Supply counts are checked every 10 seconds.